 Dungeon Crawl Stone Soup version 0.30-a0-218-gedb9141078 (webtiles) character file.

Game seed: 7756927395706019927

46 IdlyInterested the Cutter (level 3, 0/27 HPs)
             Began as a Demonspawn Gladiator on Oct 5, 2022.
             Slain by a goblin
             ... wielding a +0 club
             ... led by Robin
              (5 damage)
             ... on level 2 of the Dungeon.
             The game lasted 00:03:58 (1343 turns).

IdlyInterested the Cutter (Demonspawn Gladiator)    Turns: 1343, Time: 00:03:59

Health: 0/27       AC:  4    Str: 14    XL:     3   Next: 46%
Magic:  4/5        EV: 12    Int: 11    God:
Gold:   49         SH:  0    Dex: 14    Spells: 4/4 levels left

rFire   . . .      SeeInvis .    a - +0 rapier (drain)
rCold   . . .      Faith    .    (no shield)
rNeg    . . .      Spirit   .    b - +0 leather armour
rPois   .          Reflect  .    c - +0 helmet
rElec   .          Harm     .    (no cloak)
rCorr   .          Rampage  .    (no gloves)
Will    .....                    (no boots)
Stlth   +.........               (no amulet)
HPRegen 0.24/turn                (no ring)
MPRegen 0.09/turn                (no ring)

@: no status effects
A: demonic magic 1
a: no special abilities


You were on level 2 of the Dungeon.
You visited 1 branch of the dungeon, and saw 2 of its levels.

You collected 49 gold pieces.

Inventory:

Hand Weapons
 a - a +0 rapier of draining (weapon)
Missiles
 d - 2 throwing nets (quivered)
 g - 6 poisoned darts
Armour
 b - a +0 leather armour (worn)
 c - a +0 helmet (worn)
 f - a +0 chain mail
Scrolls
 l - a scroll of identify
Potions
 k - a potion of brilliance


   Skills:
 - Level 2.0 Fighting
 - Level 3.0 Short Blades
 - Level 2.0 Throwing
 - Level 3.0 Dodging
 + Level 1.1 Stealth
 * Level 1.4 Spellcasting
 + Level 0.5 Evocations


You had 4 spell levels left.
You didn't know any spells.
Your spell library was empty.

Dungeon Overview and Level Annotations

Branches:
Dungeon (2/15)

Altars:


Innate Abilities, Weirdness & Mutations

Spells you cast may paralyse adjacent enemies.


Message History

Robin struggles against the net.
The goblin hits you but does no damage.
You hit Robin. You drain Robin.
Robin is heavily wounded.
The goblin hits you with a +0 club.
* * * LOW HITPOINT WARNING * * *
Robin roars a battlecry!
The goblins go into a battle-frenzy!
Robin struggles against the net.
You hit Robin but do no damage.
Robin is heavily wounded.
The goblin hits you with a +0 club.
* * * LOW HITPOINT WARNING * * *
You hit Robin. You drain Robin.
Robin is almost dead.
The goblin hits you with a +0 club.
* * * LOW HITPOINT WARNING * * *
Robin struggles against the net.
You hit Robin.
You kill Robin!
The goblin unwields a +0 club.
The goblin wields a +0 sling.
The goblin shoots a sling bullet.
The sling bullet barely misses you. The goblin misses you.
The goblin shoots a sling bullet.
The sling bullet barely misses you.
The sling bullet closely misses the goblin.
The goblin closely misses you.
You closely miss the goblin.
The goblin shoots a sling bullet.
The sling bullet misses you.
The goblin shoots a sling bullet.
The sling bullet hits you but does no damage.
The goblin closely misses you.
You puncture the goblin!
You kill the goblin!
The goblin shoots a sling bullet.
The sling bullet barely misses you.
Throw: javelin
Press: ? - help, Shift-Dir - straight line You throw a javelin.
The javelin pierces through the goblin.
The goblin is moderately wounded.
The javelin barely misses the goblin.
The goblin unwields a +0 sling.
The goblin wields a +0 club.
The goblin closely misses you. The goblin hits you with a +0 club.
You die... gg gg

#. #g #.
#.#########
#(gg@)....#
...#####g######.#
.........# #
..####..# #. #..#
#.#######..####.
#.##............#
#
#.#.<.###.)####.#
#.#.#...###..#


You could see 3 goblins.

Vanquished Creatures
  Robin (D:2)
  3 ball pythons (D:1)
  4 endoplasms
  8 goblins
  3 hobgoblins (D:1)
  2 jackals (D:1)
  3 quokkas (D:1)
  A frilled lizard (D:2)
  2 kobolds (D:1)
  3 rats (D:1)
30 creatures vanquished.

Notes
Turn   | Place    | Note
-------+----------+-------------------------------------------
     0 | D:1      | IdlyInterested the Demonspawn Gladiator began the quest for
                  | the Orb.
     0 | D:1      | Reached XP level 1. HP: 16/16 MP: 1/1
   268 | D:1      | Gained mutation: Spells you cast may paralyse adjacent
                  | enemies. [demonic ancestry]
   268 | D:1      | Reached XP level 2. HP: 21/22 MP: 2/2
   301 | D:1      | Found a faded altar of an unknown god.
   651 | D:1      | Reached skill level 1 in Spellcasting
  1321 | D:2      | Reached XP level 3. HP: 18/27 MP: 4/4
  1326 | D:2      | Noticed Robin
  1336 | D:2      | Reached skill level 1 in Stealth
  1340 | D:2      | Killed Robin
  1343 | D:2      | Slain by a goblin

Illustrated notes

Levels and vault maps discovered:
D:1:      dpeg_arrival_stone_temple_mockup, layout_loops_ring,
          hellmonk_ecumenical_altar_inner_sanctum, minivault_11,
          corexii_corridor_pit, minivault_14
D:2:      layout_loops_ring, minmay_randomly_rotated_circles, uniq_natasha,
          uniq_robin

Skill      XL: |  1  2  3 |
---------------+----------+-----
Throwing       | 2 |  2.0
Short Blades   | 3 |  3.0
Dodging        | 3 |  3.0
Spellcasting   | 1 |  1.4
Stealth        | 1 |  1.1
Fighting       | |  2.0
Evocations     | |  0.5

Action                   || total
-------------------------++-------
Melee: Rapier            ||   101
Throw: Stone             ||     3
       Javelin           ||     1
       Throwing net      ||     1
  Use: Scroll            ||     7
 Stab: Sleeping          ||     2
Armor: Leather armour    ||    22
Dodge: Dodged            ||    63

Table legend: (Time is in decaauts)
 A = Elapsed time spent in this place.
 B = Non-inter-level travel time spent in this place.
 C = Inter-level travel time spent in this place.
 D = Time resting spent in this place.
 E = Time spent auto-exploring this place.
 F = Levels seen in this place.
 G = Mean time per level.
                   A        B        C        D        E       F      G
               +--------+--------+--------+--------+--------+-----+--------+
         Total |   1350 |   1028 |    322 |    118 |    631 |   2 |  675.0 |
       Dungeon |   1350 |   1028 |    322 |    118 |    631 |   2 |  675.0 |
               +--------+--------+--------+--------+--------+-----+--------+

Top non-repeatable levels by time:
     D:1: 1221 daAuts
     D:2: 128 daAuts
